[ AOE2 MATCH · #476863123 ]
UnrankedBulgarians vs Cumans
[ REPLAY ANALYSIS · EXTRACTED FROM THE RECORDED GAME ]
Feudal
11:13
Castle
15:35
Imperial
—
| APM avg | 42.3 |
| APM peak | 62 |
| eAPM avg | 17.8 |
| Villagers / military | 42 / 8 |
Focus
⚔️ 14.4% · 🌾 85.6%
Militia ×8
Feudal
9:37
Castle
—
Imperial
—
| APM avg | 25.4 |
| APM peak | 47 |
| eAPM avg | 10.6 |
| Villagers / military | 40 / 6 |
Focus
⚔️ 15.9% · 🌾 84.1%
Battering Ram ×6
Feudal
—
Castle
—
Imperial
—
| APM avg | 0.2 |
| APM peak | 3 |
| eAPM avg | 0.2 |
| Villagers / military | 0 / 0 |
Feudal
12:29
Castle
—
Imperial
—
| APM avg | 22.9 |
| APM peak | 45 |
| eAPM avg | 10.5 |
| Villagers / military | 26 / 18 |
Focus
⚔️ 19.7% · 🌾 80.3%
Militia ×18
Feudal
10:23
Castle
—
Imperial
—
| APM avg | 34.0 |
| APM peak | 63 |
| eAPM avg | 9.5 |
| Villagers / military | 34 / 2 |
Focus
⚔️ 9.8% · 🌾 90.2%
Militia ×1 · Spearman ×1
Feudal
11:55
Castle
16:40
Imperial
—
| APM avg | 16.6 |
| APM peak | 44 |
| eAPM avg | 9.3 |
| Villagers / military | 45 / 0 |
Focus
⚔️ 3.8% · 🌾 96.2%
Feudal
10:33
Castle
15:28
Imperial
—
| APM avg | 24.1 |
| APM peak | 62 |
| eAPM avg | 10.7 |
| Villagers / military | 29 / 7 |
Focus
⚔️ 10.8% · 🌾 89.2%
Militia ×7
Feudal
11:16
Castle
—
Imperial
—
| APM avg | 22.6 |
| APM peak | 51 |
| eAPM avg | 8.4 |
| Villagers / military | 33 / 0 |
Focus
⚔️ 6.8% · 🌾 93.2%
Match map
Initial resources + every placement click. Lines = walls · curves = elevation contours. ◆ gold · ⬟ stone · ● berries · ✦ relic · ◌ wall gap
Your base· ✓ Closed at 15:35 · 0t walls · 2 gate(s)
NaN's base· ✓ Closed at 12:00 · 0t walls · 3 gate(s)
Fuzion's base· ✓ Closed at 12:00 · 0t walls · 3 gate(s)
joker's base· ✓ Closed at 12:00 · 0t walls · 2 gate(s)
andber's base· ✓ Closed at 15:23 · 0t walls · 3 gate(s)
InterfectoremTR's base· ✓ Closed at 16:40 · 0t walls · 3 gate(s)
NACH's base· ✓ Closed at 15:28 · 0t walls · 2 gate(s)
Torontist's base· ✓ Closed at 14:16 · 0t walls · 2 gate(s)
Smoothed initial terrain · ◌ = detected wall gap · hover for details
Inputs per minute
— La_Tanga_Encantada - - NaN
Build order — La_Tanga_Encantada
84 actions detected in the replay
| 0:02 | Create | Villager (Male) |
| 0:03 | Create | Villager (Male) |
| 0:03 | Create | Villager (Male) |
| 0:03 | Create | Villager (Male) |
| 0:04 | Build | House |
| 0:06 | Build | House |
| 1:29 | Create | Villager (Male) |
| 1:29 | Create | Villager (Male) |
| 2:06 | Create | Villager (Male) |
| 2:06 | Create | Villager (Male) |
| 2:22 | Create | Villager (Male) |
| 2:23 | Create | Villager (Male) |
| 2:23 | Create | Villager (Male) |
| 2:54 | Create | Villager (Male) |
| 2:54 | Create | Villager (Male) |
| 3:03 | Build | Lumber Camp |
| 3:34 | Create | Villager (Male) |
| 3:34 | Create | Villager (Male) |
| 3:57 | Create | Villager (Male) |
| 3:57 | Create | Villager (Male) |
| 4:10 | Create | Villager (Male) |
| 4:11 | Create | Villager (Male) |
| 4:28 | Create | Villager (Male) |
| 4:28 | Create | Villager (Male) |
| 4:34 | Build | House |
| 4:42 | Create | Villager (Male) |
| 4:51 | Create | Villager (Male) |
| 4:59 | Build | House |
| 5:38 | Create | Villager (Male) |
| 5:57 | Create | Villager (Male) |
| 6:01 | Build | Mill |
| 6:14 | Create | Villager (Male) |
| 6:14 | Create | Villager (Male) |
| 6:14 | Create | Villager (Male) |
| 6:40 | Create | Villager (Male) |
| 6:58 | Create | Villager (Male) |
| 7:01 | Create | Villager (Male) |
| 7:16 | Build | House |
| 7:30 | Create | Villager (Male) |
| 7:35 | Create | Villager (Male) |
| 7:43 | Create | Villager (Male) |
| 7:52 | Create | Villager (Male) |
| 8:21 | Create | Villager (Male) |
| 8:29 | Create | Villager (Male) |
| 8:35 | Create | Villager (Male) |
| 8:44 | Build | Mining Camp |
| 9:04 | Research | Feudal Age |
| 9:04 | Research | Feudal Age |
| 9:04 | Research | Feudal Age |
| 9:30 | Build | Farm |
| 9:38 | Build | Farm |
| 9:43 | Build | Farm |
| 9:52 | Build | Farm |
| 10:20 | Build | Farm |
| 10:24 | Build | Farm |
| 10:48 | Create | Villager (Male) |
| 11:13 | Age | Feudal Age |
| 11:16 | Build | Market |
| 11:23 | Create | Villager (Male) |
| 11:54 | Create | Villager (Male) |
| 12:01 | Build | Blacksmith |
| 12:55 | Research | Castle Age |
| 13:00 | Build | Barracks |
| 13:05 | Create | Villager (Male) |
| 13:34 | Research | Scale Mail Armor |
| 13:35 | Research | Forging |
| 13:50 | Create | Militia |
| 13:50 | Create | Militia |
| 13:58 | Build | Barracks |
| 14:12 | Create | Militia |
| 14:24 | Research | Loom |
| 14:37 | Create | Militia |
| 14:37 | Create | Militia |
| 15:01 | Build | House |
| 15:01 | Build | House |
| 15:01 | Build | House |
| 15:02 | Build | House |
| 15:02 | Build | House |
| 15:02 | Build | House |
| 15:02 | Build | House |
| 15:19 | Create | Militia |
| 15:19 | Create | Militia |
| 15:35 | Age | Castle Age |
| 15:37 | Create | Militia |
Build order — NaN
71 actions detected in the replay
| 0:02 | Create | Villager (Male) |
| 0:02 | Create | Villager (Male) |
| 0:03 | Build | House |
| 0:06 | Build | House |
| 0:11 | Create | Villager (Male) |
| 0:11 | Create | Villager (Male) |
| 0:11 | Create | Villager (Male) |
| 1:44 | Create | Villager (Male) |
| 1:44 | Create | Villager (Male) |
| 1:48 | Build | Lumber Camp |
| 2:12 | Create | Villager (Male) |
| 2:23 | Create | Villager (Male) |
| 2:58 | Create | Villager (Male) |
| 3:07 | Build | House |
| 3:23 | Create | Villager (Male) |
| 3:47 | Create | Villager (Male) |
| 3:48 | Create | Villager (Male) |
| 4:02 | Build | Mill |
| 4:07 | Create | Villager (Male) |
| 4:44 | Create | Villager (Male) |
| 4:44 | Create | Villager (Male) |
| 5:13 | Create | Villager (Male) |
| 5:38 | Create | Villager (Male) |
| 5:39 | Create | Villager (Male) |
| 5:44 | Create | Villager (Male) |
| 6:14 | Create | Villager (Male) |
| 6:23 | Build | House |
| 6:28 | Create | Villager (Male) |
| 7:27 | Research | Feudal Age |
| 8:03 | Create | Villager (Male) |
| 8:27 | Create | Villager (Male) |
| 9:04 | Build | House |
| 9:27 | Create | Villager (Male) |
| 9:37 | Age | Feudal Age |
| 9:39 | Build | Blacksmith |
| 9:48 | Build | Mining Camp |
| 10:17 | Build | Siege Workshop |
| 10:21 | Create | Villager (Male) |
| 10:32 | Create | Villager (Male) |
| 10:48 | Create | Villager (Male) |
| 11:04 | Create | Battering Ram |
| 11:08 | Build | House |
| 11:11 | Create | Villager (Male) |
| 11:26 | Build | Lumber Camp |
| 11:33 | Create | Villager (Male) |
| 11:56 | Create | Villager (Male) |
| 12:10 | Create | Battering Ram |
| 12:10 | Create | Battering Ram |
| 12:36 | Create | Villager (Male) |
| 12:52 | Create | Battering Ram |
| 13:27 | Create | Villager (Male) |
| 13:27 | Create | Villager (Male) |
| 13:29 | Build | Farm |
| 13:29 | Build | Farm |
| 13:50 | Create | Battering Ram |
| 14:00 | Build | House |
| 14:40 | Build | House |
| 14:41 | Create | Villager (Male) |
| 14:42 | Create | Villager (Male) |
| 14:45 | Build | Farm |
| 14:46 | Create | Villager (Male) |
| 16:12 | Create | Battering Ram |
| 16:15 | Create | Villager (Male) |
| 16:15 | Create | Villager (Male) |
| 16:18 | Build | Farm |
| 16:18 | Build | Farm |
| 16:20 | Build | Farm |
| 16:20 | Build | Farm |
| 16:20 | Build | Farm |
| 16:21 | Build | Farm |
| 16:39 | Create | Villager (Male) |
Build order — Fuzion
0 actions detected in the replay
Build order — joker
56 actions detected in the replay
| 0:02 | Create | Villager (Male) |
| 0:02 | Create | Villager (Male) |
| 0:05 | Build | House |
| 0:07 | Build | House |
| 0:31 | Create | Villager (Male) ×2 |
| 1:27 | Create | Villager (Male) |
| 1:49 | Build | Mule Cart |
| 2:13 | Create | Villager (Male) |
| 2:29 | Create | Villager (Male) |
| 3:02 | Create | Villager (Male) |
| 3:24 | Create | Villager (Male) |
| 3:29 | Build | House |
| 3:30 | Build | House |
| 4:05 | Create | Villager (Male) |
| 4:11 | Build | Mill |
| 4:21 | Create | Villager (Male) |
| 4:57 | Create | Villager (Male) |
| 5:35 | Create | Villager (Male) ×2 |
| 6:33 | Create | Villager (Male) |
| 6:34 | Create | Villager (Male) |
| 6:34 | Create | Villager (Male) |
| 6:43 | Create | Villager (Male) ×2 |
| 7:28 | Create | Villager (Male) ×5 |
| 7:55 | Build | Mule Cart |
| 8:22 | Build | House |
| 8:23 | Build | House |
| 9:38 | Research | Feudal Age |
| 10:43 | Build | Farm |
| 10:44 | Build | Farm |
| 10:45 | Build | Farm |
| 10:48 | Research | Loom |
| 10:59 | Build | Barracks |
| 11:11 | Build | Barracks |
| 11:19 | Create | Villager (Male) |
| 11:20 | Create | Villager (Male) |
| 11:45 | Build | Farm |
| 12:13 | Build | Mule Cart |
| 12:18 | Create | Militia |
| 12:19 | Create | Militia |
| 12:19 | Create | Militia |
| 12:29 | Age | Feudal Age |
| 12:38 | Build | Barracks |
| 12:43 | Create | Militia |
| 13:21 | Research | Man-at-Arms (upgrade) |
| 13:22 | Create | Militia |
| 13:22 | Create | Militia |
| 13:41 | Build | Mule Cart |
| 13:52 | Build | House |
| 14:08 | Create | Militia ×5 |
| 14:29 | Build | House |
| 14:31 | Build | House |
| 14:34 | Research | Long Swordsman (upgrade) |
| 14:35 | Create | Militia ×3 |
| 15:05 | Create | Militia ×2 |
| 15:47 | Create | Militia |
| 16:21 | Create | Militia |
Build order — andber
59 actions detected in the replay
| 0:02 | Create | Villager (Male) |
| 0:02 | Create | Villager (Male) |
| 0:03 | Create | Villager (Male) |
| 0:05 | Build | House |
| 0:07 | Build | House |
| 0:20 | Create | Villager (Male) |
| 0:20 | Create | Villager (Male) |
| 1:34 | Create | Villager (Male) |
| 1:34 | Create | Villager (Male) |
| 1:48 | Build | Lumber Camp |
| 1:59 | Create | Villager (Male) |
| 1:59 | Create | Villager (Male) |
| 2:29 | Create | Villager (Male) |
| 2:55 | Create | Villager (Male) |
| 2:55 | Create | Villager (Male) |
| 3:33 | Build | House |
| 3:35 | Create | Villager (Male) |
| 3:36 | Create | Villager (Male) |
| 3:50 | Create | Villager (Male) |
| 4:13 | Create | Villager (Male) |
| 4:13 | Create | Villager (Male) |
| 4:24 | Create | Villager (Male) |
| 4:25 | Create | Villager (Male) |
| 4:38 | Create | Villager (Male) |
| 4:38 | Create | Villager (Male) |
| 5:36 | Create | Villager (Male) |
| 5:37 | Create | Villager (Male) |
| 5:44 | Build | House |
| 6:13 | Build | Mill |
| 6:58 | Create | Villager (Male) |
| 6:59 | Create | Villager (Male) |
| 7:00 | Create | Villager (Male) |
| 8:09 | Research | Loom |
| 8:11 | Research | Feudal Age |
| 9:25 | Build | Mining Camp |
| 9:34 | Create | Villager (Male) |
| 9:34 | Create | Villager (Male) |
| 10:14 | Build | House |
| 10:23 | Age | Feudal Age |
| 10:57 | Create | Villager (Male) |
| 10:57 | Create | Villager (Male) |
| 11:23 | Build | Market |
| 11:56 | Create | Villager (Male) |
| 11:56 | Create | Villager (Male) |
| 12:47 | Build | Barracks |
| 12:55 | Create | Villager (Male) |
| 12:55 | Create | Villager (Male) |
| 13:28 | Build | House |
| 13:37 | Research | Loom |
| 13:43 | Create | Militia |
| 13:47 | Build | Blacksmith |
| 14:02 | Build | Archery Range |
| 14:15 | Build | Mining Camp |
| 14:43 | Build | Farm |
| 14:45 | Build | Farm |
| 14:48 | Build | Farm |
| 15:01 | Build | Farm |
| 15:22 | Create | Spearman |
| 15:23 | Research | Castle Age |
Build order — InterfectoremTR
72 actions detected in the replay
| 0:02 | Research | Loom |
| 0:03 | Create | Villager (Male) |
| 0:03 | Create | Villager (Male) |
| 0:03 | Create | Villager (Male) |
| 0:04 | Create | Villager (Male) |
| 0:04 | Create | Villager (Male) |
| 0:05 | Build | House |
| 0:07 | Build | House |
| 0:08 | Build | House |
| 2:07 | Create | Villager (Male) |
| 2:08 | Create | Villager (Male) |
| 2:34 | Create | Villager (Male) |
| 2:34 | Create | Villager (Male) |
| 2:57 | Create | Villager (Male) |
| 3:25 | Create | Villager (Male) |
| 3:45 | Create | Villager (Male) |
| 4:09 | Create | Villager (Male) |
| 4:21 | Create | Villager (Male) |
| 4:21 | Create | Villager (Male) |
| 4:48 | Build | Mill |
| 4:56 | Create | Villager (Male) |
| 4:56 | Create | Villager (Male) |
| 5:18 | Build | Lumber Camp |
| 5:29 | Build | House |
| 5:31 | Build | House |
| 5:34 | Create | Villager (Male) |
| 5:34 | Create | Villager (Male) |
| 5:42 | Create | Villager (Male) |
| 5:43 | Create | Villager (Male) |
| 6:17 | Create | Villager (Male) |
| 6:29 | Create | Villager (Male) |
| 6:46 | Create | Villager (Male) |
| 6:47 | Create | Villager (Male) |
| 7:18 | Create | Villager (Male) |
| 7:18 | Create | Villager (Male) |
| 7:18 | Create | Villager (Male) |
| 7:37 | Create | Villager (Male) |
| 7:38 | Create | Villager (Male) |
| 7:55 | Create | Villager (Male) |
| 7:55 | Create | Villager (Male) |
| 8:23 | Create | Villager (Male) |
| 8:23 | Create | Villager (Male) |
| 8:31 | Build | House |
| 8:35 | Create | Villager (Male) |
| 8:35 | Create | Villager (Male) |
| 9:25 | Build | Mining Camp |
| 9:32 | Research | Feudal Age |
| 9:32 | Research | Feudal Age |
| 10:46 | Create | Villager (Male) |
| 11:08 | Create | Villager (Male) |
| 11:48 | Build | Farm |
| 11:50 | Build | Farm |
| 11:54 | Build | Farm |
| 11:55 | Age | Feudal Age |
| 11:56 | Build | Farm |
| 11:57 | Build | Farm |
| 12:00 | Build | Farm |
| 12:05 | Build | Market |
| 12:14 | Create | Villager (Male) |
| 12:46 | Create | Villager (Male) |
| 13:11 | Create | Villager (Male) |
| 13:20 | Build | Blacksmith |
| 13:29 | Build | House |
| 13:55 | Research | Castle Age |
| 13:57 | Research | Double-Bit Axe |
| 14:08 | Build | Mining Camp |
| 14:18 | Create | Villager (Male) |
| 14:31 | Research | Horse Collar |
| 15:17 | Create | Villager (Male) |
| 15:39 | Create | Villager (Male) |
| 16:13 | Create | Villager (Male) |
| 16:40 | Age | Castle Age |
Build order — NACH
67 actions detected in the replay
| 0:02 | Create | Villager (Male) |
| 0:02 | Create | Villager (Male) |
| 0:03 | Create | Villager (Male) |
| 0:03 | Create | Villager (Male) |
| 0:03 | Create | Villager (Male) |
| 0:05 | Build | House |
| 0:06 | Build | House |
| 0:11 | Build | House |
| 1:35 | Create | Villager (Male) |
| 2:15 | Create | Villager (Male) |
| 2:16 | Create | Villager (Male) |
| 2:38 | Create | Villager (Male) |
| 2:38 | Create | Villager (Male) |
| 3:01 | Create | Villager (Male) |
| 3:01 | Create | Villager (Male) |
| 3:28 | Create | Villager (Male) |
| 3:58 | Create | Villager (Male) |
| 4:00 | Research | Loom |
| 4:13 | Create | Villager (Male) |
| 4:34 | Create | Villager (Male) |
| 4:46 | Build | Lumber Camp |
| 5:06 | Create | Villager (Male) |
| 5:27 | Create | Villager (Male) |
| 5:27 | Create | Villager (Male) |
| 6:04 | Create | Villager (Male) |
| 6:33 | Create | Villager (Male) |
| 7:01 | Build | House |
| 7:07 | Build | House |
| 7:18 | Build | Mill |
| 7:57 | Create | Villager (Male) |
| 8:19 | Build | Farm |
| 8:23 | Research | Feudal Age |
| 8:33 | Build | Mining Camp |
| 10:33 | Age | Feudal Age |
| 10:37 | Create | Villager (Male) |
| 10:37 | Create | Villager (Male) |
| 10:38 | Create | Villager (Male) |
| 10:41 | Research | Double-Bit Axe |
| 11:08 | Build | Market |
| 11:18 | Build | Blacksmith |
| 11:24 | Build | House |
| 12:00 | Create | Villager (Male) |
| 12:48 | Research | Castle Age |
| 13:03 | Research | Horse Collar |
| 13:57 | Build | Barracks |
| 14:24 | Build | Barracks |
| 14:39 | Build | Farm |
| 14:41 | Build | Farm |
| 14:42 | Build | Farm |
| 14:45 | Build | Farm |
| 15:00 | Research | Wheelbarrow |
| 15:02 | Create | Villager (Male) |
| 15:02 | Create | Villager (Male) |
| 15:28 | Age | Castle Age |
| 15:36 | Research | Man-at-Arms (upgrade) |
| 15:37 | Create | Militia |
| 15:37 | Create | Militia |
| 15:37 | Create | Militia |
| 15:38 | Create | Militia |
| 16:01 | Research | Squires |
| 16:07 | Create | Militia |
| 16:07 | Create | Militia |
| 16:08 | Create | Militia |
| 16:18 | Build | Farm |
| 16:19 | Build | Farm |
| 16:21 | Build | Farm |
| 16:28 | Create | Villager (Male) |
Build order — Torontist
60 actions detected in the replay
| 0:04 | Research | Loom |
| 0:04 | Create | Villager (Male) |
| 0:04 | Create | Villager (Male) |
| 0:09 | Build | House |
| 0:13 | Build | House |
| 0:14 | Build | House |
| 0:44 | Create | Villager (Male) |
| 0:45 | Create | Villager (Male) |
| 2:09 | Create | Villager (Male) |
| 2:09 | Create | Villager (Male) |
| 2:29 | Create | Villager (Male) |
| 2:59 | Create | Villager (Male) |
| 2:59 | Create | Villager (Male) |
| 3:21 | Create | Villager (Male) |
| 3:21 | Create | Villager (Male) |
| 3:33 | Create | Villager (Male) |
| 3:44 | Build | Mill |
| 4:09 | Create | Villager (Male) |
| 4:26 | Build | Lumber Camp |
| 4:26 | Create | Villager (Male) |
| 4:27 | Create | Villager (Male) |
| 4:56 | Create | Villager (Male) |
| 4:57 | Create | Villager (Male) |
| 5:54 | Build | House |
| 6:01 | Create | Villager (Male) |
| 6:02 | Create | Villager (Male) |
| 6:50 | Create | Villager (Male) |
| 7:05 | Create | Villager (Male) |
| 7:51 | Create | Villager (Male) |
| 8:07 | Build | House |
| 8:14 | Create | Villager (Male) |
| 8:18 | Create | Villager (Male) |
| 8:34 | Build | House |
| 8:35 | Build | House |
| 9:04 | Research | Feudal Age |
| 9:48 | Build | House |
| 9:50 | Create | Villager (Male) |
| 10:13 | Create | Villager (Male) |
| 10:58 | Create | Villager (Male) |
| 11:16 | Age | Feudal Age |
| 11:20 | Research | Double-Bit Axe |
| 11:31 | Build | Blacksmith |
| 12:10 | Build | Market |
| 12:21 | Build | Mining Camp |
| 12:37 | Create | Villager (Male) |
| 12:51 | Build | Farm |
| 12:51 | Build | Farm |
| 12:52 | Build | Farm |
| 12:52 | Build | Farm |
| 12:52 | Build | Farm |
| 13:07 | Create | Villager (Male) |
| 13:11 | Build | Farm |
| 13:28 | Build | Farm |
| 13:44 | Create | Villager (Male) |
| 13:52 | Create | Villager (Male) |
| 14:16 | Research | Castle Age |
| 14:19 | Create | Villager (Male) |
| 14:51 | Build | Mining Camp |
| 15:03 | Build | Farm |
| 15:48 | Create | Villager (Male) |
Match timeline
| 0:12 | Fuzion · resign |
| 9:37 | NaN · age_up feudal |
| 10:17 | NaN · first_building Siege Workshop |
| 10:23 | andber · age_up feudal |
| 10:33 | NACH · age_up feudal |
| 10:59 | joker · first_building Barracks |
| 11:13 | La_Tanga_Encantada · age_up feudal |
| 11:16 | Torontist · age_up feudal |
| 11:55 | InterfectoremTR · age_up feudal |
| 12:29 | joker · age_up feudal |
| 12:47 | andber · first_building Barracks |
| 13:00 | La_Tanga_Encantada · first_building Barracks |
| 13:57 | NACH · first_building Barracks |
| 14:02 | andber · first_building Archery Range |
| 15:28 | NACH · age_up castle |
| 15:35 | La_Tanga_Encantada · age_up castle |
| 16:40 | InterfectoremTR · age_up castle |
[ AI ANALYSIS · 1 CREDIT ]
What really happened in this match?
Wolo.gg analyzes every decision: build order, eco, micro, common mistakes by bracket. Personalized analysis on WhatsApp or Discord in 30 seconds.
Civ guide
Bulgarians
Perfil
Jugador #4575392